 Dungeon Crawl Stone Soup version 0.30.0-20-g3615ddf2f0 (webtiles) character file.

Game seed: 9177977301137174314

79 qw the Chopper (level 4, -9/28 HPs)
             Began as a Gargoyle Fighter on May 31, 2023.
             Killed by divine providence
             ... invoked by an orc priest
              (12 damage)
             ... on level 3 of the Dungeon.
             The game lasted 00:01:01 (2208 turns).

qw the Chopper (Gargoyle Fighter)                   Turns: 2208, Time: 00:01:01

Health: -9/28      AC: 10    Str: 22    XL:     4   Next: 37%
Magic:  4/4        EV:  9    Int:  8    God:
Gold:   160        SH:  4    Dex:  9    Spells: 3/3 levels left

rFire   . . .        Y - +1 war axe
rCold   . . .        c - +0 buckler
rNeg    + . .        b - +0 scale mail
rPois   inf          (no helmet)
rElec   +            (no cloak)
rCorr   .            (no gloves)
SInv    .            (no boots)
Will    .....        (no amulet) Stlth
                     (no ring)
HPRegen 0.24/turn    (no ring)
MPRegen 0.09/turn

%: no passive effects
@: no status effects
A: sickness immunity, AC +3, negative energy resistance 1, electricity
resistance, torment resistance 1, petrification resistance
a: no special abilities


You were on level 3 of the Dungeon.
You visited 1 branch of the dungeon, and saw 3 of its levels.

You collected 160 gold pieces.


Innate Abilities, Weirdness & Mutations

You are immune to sickness and miasma.
Your stone body is resilient. (AC +3)
You are immune to poison.
You resist negative energy. (rN+)
You are resistant to electric shocks. (rElec)
You are resistant to unholy torment.
You are immune to petrification.


   Skills:
 - Level 3.2 Fighting
 + Level 4.1 Axes
 - Level 3.2 Armour
 - Level 3.2 Shields


You had 3 spell levels left.
You didn't know any spells.
Your spell library was empty.

Inventory:

Hand Weapons
 h - a +0 whip
 Y - a +1 war axe (weapon)
Armour
 b - a +0 scale mail (worn)
 c - a +0 buckler (worn)
 e - a +2 leather armour of fire resistance
Potions
 a - a potion of curing {unknown}
 d - 3 potions of might
 f - a potion of brilliance {unknown}
 g - a potion of heal wounds {unknown}
 i - a potion of haste {unknown}
 j - a potion of ambrosia {unknown}

Dungeon Overview and Level Annotations

Branches:
Dungeon (3/15)

Altars:


Message History

You start waiting.
Done waiting.
Found a club.
You see here a +0 club.
An orc priest comes into view. It is wielding a +0 falchion.
The orc priest shouts!
You hear a shout!
An orc comes into view. It is wielding a +0 club.
The orc shouts!
The orc priest invokes the aid of Beogh against you.
Beogh smites you!
An orc comes into view. It is wielding a +0 war axe.
The orc shouts!
You hear a shout!
An orc priest comes into view. It is wielding a +0 trident.
You closely miss the orc priest.
The orc priest hits you with a +0 falchion.
You hit the orc priest but do no damage.
The orc priest invokes the aid of Beogh against you.
Beogh smites you!
An orc priest comes into view. It is wielding a +0 dagger.
You closely miss the orc priest.
A goblin comes into view. It is wielding a +0 dagger.
You hit the orc.
The orc is heavily wounded.
The orc misses you.
You closely miss the orc.
The orc is heavily wounded.
The orc hits you but does no damage.
The orc priest miscasts a cantrip.
You closely miss the orc.
The orc is heavily wounded.
The orc barely misses you.
The orc priest calls upon Beogh to heal the orc.
The orc's wounds heal themselves!
The orc priest looks braver for a moment.
You completely miss the orc. You block the orc's attack.
The orc hits you with a +0 club.
The orc priest invokes the aid of Beogh against you.
Beogh smites you!
You die...

#.# #.# #.#
#.# #.# #.#
#.#
###o########.#
...gooo@.....#
####o#########


You could see 3 orc priests, 2 orcs and a goblin.

Vanquished Creatures
  3 adders
  A worm (D:2)
  A dart slug (D:1)
  An orc (D:3)
  7 ball pythons
  5 bats
  4 endoplasms
  A giant cockroach (D:2)
  5 goblins
  3 hobgoblins
  4 frilled lizards
  5 kobolds
  4 rats
44 creatures vanquished.

Notes
Turn   | Place    | Note
-------+----------+-------------------------------------------
     0 | D:1      | qw the Gargoyle Fighter began the quest for the Orb.
     0 | D:1      | Reached XP level 1. HP: 14/14 MP: 1/1
     0 | D:1      | 0 ||| qw: Version: 0.2-a-102-gfc559e5
     0 | D:1      | 0 ||| qw: Game counter: 536
     0 | D:1      | 0 ||| qw: Always use a shield: true
     0 | D:1      | 0 ||| qw: God list: Okawaru
     0 | D:1      | 0 ||| qw: Allow faded altars: false
     0 | D:1      | 0 ||| qw: Do Orc after D:15 true
     0 | D:1      | 0 ||| qw: Do second Lair branch before Depths: true
     0 | D:1      | 0 ||| qw: Lair rune preference: random
     0 | D:1      | 0 ||| qw: Plans: Normal, Zot:1-4, Slime:5, God:TSO, Crypt,
                  | Tomb, Pan, Hells, Abyss, Win
     0 | D:1      | 0 ||| PLANNING D:1-11
    47 | D:1      | Reached skill level 2 in Axes
    81 | D:1      | Found a faded altar of an unknown god.
   184 | D:1      | Reached XP level 2. HP: 19/19 MP: 2/2
   227 | D:1      | 227 ||| DROPPING +0 club.
   383 | D:1      | 383 ||| Stepping ~*~*~tactically~*~*~ (hiding).
   384 | D:1      | 384 ||| Stepping ~*~*~tactically~*~*~ (hiding).
   386 | D:1      | 386 ||| Stepping ~*~*~tactically~*~*~ (hiding).
   511 | D:1      | 511 ||| Stepping ~*~*~tactically~*~*~ (hiding).
   512 | D:1      | 512 ||| Stepping ~*~*~tactically~*~*~ (hiding).
   513 | D:1      | 513 ||| Stepping ~*~*~tactically~*~*~ (hiding).
   514 | D:1      | 514 ||| Stepping ~*~*~tactically~*~*~ (hiding).
   623 | D:1      | 623 ||| Stepping ~*~*~tactically~*~*~ (stealth).
   625 | D:1      | 625 ||| Stepping ~*~*~tactically~*~*~ (stealth).
   626 | D:1      | 626 ||| Stepping ~*~*~tactically~*~*~ (stealth).
   747 | D:1      | 747 ||| Stepping ~*~*~tactically~*~*~ (stealth).
   855 | D:1      | Reached skill level 3 in Axes
  1053 | D:1      | 1053 ||| READING scroll labelled KOL JIFADEUMP.
  1057 | D:1      | 1057 ||| READING scroll labelled SOCWUKHL JUAH.
  1083 | D:2      | HP: 4/19 [ball python (1)]
  1087 | D:2      | Reached XP level 3. HP: 5/23 MP: 3/3
  1087 | D:2      | 1087 ||| STAIRDANCE
  1418 | D:2      | Reached XP level 4. HP: 28/28 MP: 4/4
  1731 | D:2      | Reached skill level 4 in Axes
  1953 | D:2      | 1953 ||| READING scroll labelled KAYDAU QISMU.
  2055 | D:3      | 2055 ||| Stepping ~*~*~tactically~*~*~ (hiding).
  2203 | D:3      | HP: 5/28 [orc priest/divine providence (9)]
  2208 | D:3      | HP: 3/28 [orc/+0 club (3)]
  2208 | D:3      | Killed from afar by an orc priest

Levels and vault maps discovered:
D:1:      dpeg_arrival_simpleton_a, layout_basic,
          hellmonk_ecumenical_altar_lost_god, minmay_misc_feat_ornament
D:2:      layout_loops_ring
D:3:      layout_basic

Skill      XL: |  1  2  3  4 |
---------------+-------------+-----
Axes           | 2 3 4 |  4.1
Fighting       | |  3.2
Armour         | |  3.2
Shields        | |  3.2

Action                     |  1- 3 |  4- 6 || total
---------------------------+-------+-------++-------
  Melee: War axe           |   125 |    35 ||   160
    Use: Scroll            |     2 |     1 ||     3
 Armour: Scale mail        |    95 |    15 ||   110
  Dodge: Dodged            |    62 |    10 ||    72
  Block: Buckler           |    24 |     8 ||    32

Table legend:
 A = Non-vault XP
 B = Vault XP
 C = Vault XP percentage of total XP
 D = Non-vault monster count
 E = Vault monster count
 F = Vault count percentage of total count
                 A         B        C        D         E       F
            +---------+---------+-------+---------+---------+-------
      Total |     113 |       0 |   0.0 |      44 |       0 |   0.0
            +---------+---------+-------+---------+---------+-------
        D:1 |      44 |       0 |   0.0 |      19 |       0 |   0.0
        D:2 |      62 |       0 |   0.0 |      21 |       0 |   0.0
        D:3 |       7 |       0 |   0.0 |       4 |       0 |   0.0
            +---------+---------+-------+---------+---------+-------
